AoeStats
← MrDiiego/twitch.tv

Arabia

510163158Analyzed
1v1 RM · 2d ago on Sep 29, 2026· 47m 35s· 2 players
Game mode
Random Map
Map size
Tiny (2 player)
Population
200
Speed
Normal
Resources
Standard
Victory
Conquest
Starting age
Dark Age
Ending age
Imperial Age
RankedLock teamsTeams togetherTeam positionsShared explorationLock speedFull tech treeHidden civsTurbo modeCheats
Victory
Defeat
🇺🇸 Vietnamese · United States
1655
+15
🇨🇴 Sicilians · Colombia
1641
-15
MrDiiego/twitch.tv
6:48 Loom
9:06 Feudal Age
10:17 Double-Bit Axe
17:00 Wheelbarrow
19:23 Castle Age
17:56 Scale Barding Armor
17:36 Horse Collar
21:04 Wheelbarrow
21:48 Fletching
22:19 Elite Skirmisher
23:02 Bodkin Arrow
27:30 Padded Archer Armor
29:07 Ballistics
31:20 Hand Cart
31:33 Chain Barding Armor
32:38 Leather Archer Armor
32:27 Gold Mining
32:49 Bow Saw
32:40 Heavy Plow
39:53 Imperial Age
37:55 Scale Mail Armor
39:07 First Crusade
39:03 Chain Mail Armor
39:22 Bloodlines
39:12 Husbandry
40:05 Forging
40:42 Hauberk
40:06 Cavalier
41:09 Conscription
41:25 Plate Barding Armor
43:31 Iron Casting
46:05 Blast Furnace
z1unknown
6:07 Loom
8:49 Feudal Age
9:57 Double-Bit Axe
12:26 Horse Collar
15:25 Wheelbarrow
19:27 Castle Age
17:43 Gold Mining
19:10 Bloodlines
19:13 Fletching
20:13 Husbandry
20:26 Bow Saw
20:27 Bodkin Arrow
31:48 Hand Cart
32:49 Bloodlines
36:57 Imperial Age
35:17 Padded Archer Armor
36:40 Leather Archer Armor
36:30 Heavy Plow
36:21 Stone Mining
36:12 Elite Skirmisher
38:14 Bracer
39:16 Ring Archer Armor
38:17 Imperial Skirmisher
40:43 Chemistry
40:03 Ballistics
40:31 Elite Rattan Archer
42:50 Paper Money
44:18 Pikeman
44:58 Squires
45:22 Scale Mail Armor
44:56 Halberdier
46:54 Chain Mail Armor
Connection lost

Rejoining the realm…

Still unreachable

The connection could not be restored.

Session expired

The server has moved on; the page needs a fresh start.